 Dungeon Crawl Stone Soup version 0.29.0-7-g18a832c13a (webtiles) character file.

Game seed: 11139393362547559496

385 tilp the Chopper (level 6, -3/53 HPs)
             Began as a Minotaur Berserker on Aug 31, 2022.
             Was a Believer of Trog.
             Succumbed to an orc wizard's poison
             ... on level 5 of the Dungeon.
             The game lasted 00:04:10 (3327 turns).

tilp the Chopper (Minotaur Berserker)               Turns: 3327, Time: 00:04:11

Health: -3/53      AC:  7    Str: 23    XL:     6   Next: 48%
Magic:  5/5        EV: 11    Int:  4    God:    Trog [**....]
Gold:   141        SH:  0    Dex: 10    Spells: 5/5 levels left

rFire   . . .      SeeInvis .   a - +0 hand axe
rCold   . . .      Faith    .   (no shield)
rNeg    . . .      Spirit   .   n - +0 ring mail
rPois   .          Reflect  .   (helmet restricted)
rElec   .          Harm     .   h - +0 cloak
rCorr   .          Rampage  .   i - +0 pair of gloves
Will    .....                   (no boots)
Stlth   ..........              (no amulet)
HPRegen 0.17/turn               (no ring)
MPRegen 0.09/turn               (no ring)

@: lethally poisoned (-3 -> -40), on berserk cooldown, slowed, very slow
A: horns 2, retaliatory headbutt
a: Renounce Religion, Berserk, Trog's Hand


You were on level 5 of the Dungeon.
You worshipped Trog.
Trog was pleased with you.
You visited 1 branch of the dungeon, and saw 5 of its levels.

You collected 141 gold pieces.

Inventory:

Hand Weapons
 a - a +0 hand axe (weapon)
Missiles
 e - 27 stones
 q - 12 poisoned darts (quivered)
 s - 4 javelins
Armour
 h - a +0 cloak (worn)
 i - a +0 pair of gloves (worn)
 n - a +0 ring mail (worn)
Wands
 g - a wand of flame (17)
 v - a wand of polymorph (1)
Scrolls
 c - a scroll of poison
 o - a scroll of immolation
Potions
 b - a potion of flight {unknown}
 d - 2 potions of cancellation
 f - a potion of berserk rage {unknown}
 j - a potion of ambrosia {unknown}
 k - 3 potions of heal wounds
 l - a potion of mutation {unknown}
 m - a potion of brilliance {unknown}
 p - a potion of haste {unknown}
 r - a potion of might {unknown}
 t - a potion of curing {unknown}
 u - a potion of lignification {unknown}


   Skills:
 + Level 4.5 Fighting
 * Level 6.6 Axes
 * Level 2.1 Throwing
 + Level 3.1 Armour
 + Level 2.8 Dodging
 * Level 1.8 Evocations


You had 5 spell levels left.
You didn't know any spells.
Your spell library was empty.

Dungeon Overview and Level Annotations

Branches:
Dungeon (5/15)             Temple (0/1) D:5

Altars:
Hepliaklqana
Wu Jian


Innate Abilities, Weirdness & Mutations

You have a pair of horns on your head.
You reflexively headbutt those who attack you in melee.


Message History

You slash the iguana! You headbutt the iguana.
You kill the iguana!
Trog accepts your kill.
You feel sick.
You feel sick.
Items here: ) [ ††.
You feel a strong urge to attack something.
You are no longer berserk.
You are exhausted.
You feel yourself slow down.
You feel sick. Something hits you but does no damage.
You are more poisoned.
You closely miss something.
You feel very sick. Something hits you.
You are more poisoned.
You closely miss something.
You feel very sick. Something hits you but does no damage.
You are more poisoned.
You hit something. Your headbutt misses something.
You feel very sick. Something hits you but does no damage.
You are more poisoned.
Something hits you but does no damage.
You are lethally poisoned!
You hit something but do no damage.
You feel extremely sick. Something hits you.
You are more poisoned.
You hit something.
* * * LOW HITPOINT WARNING * * *
You feel extremely sick. Something hits you.
* * * LOW HITPOINT WARNING * * *
You are more poisoned.
You hear some strange, mumbled words.
Something tries to affect you, but you resist.
You miss something.
You die...

###.......††##
.....##......##
#...........#
#####.##.##...##
#........###..#
#.###.#### #....
# #.# #.# #.####
#.##.###.# #+#
#..@{....#
##..)#####
#.##)## #.#._.#
#........'...
#.#...####...
#.#.... #.#.####
#.


There were no monsters in sight!

Vanquished Creatures
  A phantom (D:4)
  2 hounds
  Crazy Yiuf (D:2)
  An orc priest (D:5)
  Jessica (D:2)
  2 iguanas (D:5)
  5 adders
  2 worms (D:2)
  3 orcs
  3 bats
  8 endoplasms
  4 giant cockroaches (D:3)
  9 hobgoblins
  A kobold (D:3)
  A quokka (D:2)
  6 ball pythons
  2 frilled lizards
  11 goblins
  4 rats
67 creatures vanquished.

Vanquished Creatures (others)
  5 fungi (D:2)
  11 plants
16 creatures vanquished.

Grand Total: 83 creatures vanquished

Notes
Turn   | Place    | Note
-------+----------+-------------------------------------------
     0 | D:1      | tilp the Minotaur Berserker began the quest for the Orb.
     0 | D:1      | Reached XP level 1. HP: 19/19 MP: 0/0
    78 | D:1      | Reached skill level 4 in Axes
   320 | D:1      | Reached XP level 2. HP: 27/27 MP: 1/1
   763 | D:2      | Found a runed translucent door.
   764 | D:2      | Noticed Crazy Yiuf
   792 | D:2      | Reached skill level 5 in Axes
   792 | D:2      | Reached XP level 3. HP: 33/33 MP: 2/2
   893 | D:2      | Noticed Jessica
   904 | D:2      | Killed Jessica
  1019 | D:2      | Reached XP level 4. HP: 40/40 MP: 3/3
  1421 | D:2      | Found a faded altar of an unknown god.
  1504 | D:2      | Killed Crazy Yiuf
  1505 | D:2      | Reached skill level 6 in Axes
  1660 | D:3      | Reached ** piety under Trog
  1735 | D:3      | Found an ornate altar of the Wu Jian Council.
  1756 | D:3      | Reached XP level 5. HP: 41/46 MP: 4/4
  2473 | D:4      | Noticed a phantom
  2480 | D:4      | Killed a phantom
  2481 | D:4      | Reached skill level 1 in Throwing
  2481 | D:4      | Reached skill level 1 in Evocations
  2627 | D:4      | Reached XP level 6. HP: 51/53 MP: 5/5
  3118 | D:5      | Entered Level 5 of the Dungeon
  3209 | D:5      | Found a staircase to the Ecumenical Temple.
  3307 | D:5      | Found a hazy altar of Hepliaklqana.
  3327 | D:5      | Succumbed to an orc wizard's poison

Illustrated notes

Levels and vault maps discovered:
D:1:      lightli_arrival_statuegarden, layout_basic
D:2:      layout_rooms, dreamdust_ecumenical_altar_hidden_monk_grotto,
          grunt_decor_junction, chequers_decorated_corner,
          uniq_crazy_yiuf_cottage, uniq_jessica
D:3:      layout_loops_ring, nicolae_overflow_crystal_walls, st_stairs_8
D:4:      layout_loops_ring, serial_bayou, serial_bayou_shore_b,
          serial_bayou_shore_a, serial_bayou_pond_e, serial_bayou_pond_a
D:5:      layout_loops_corners, kennysheep_ying_yang, kennysheep_little_box,
          overflow_temple_1_default, lemuel_temple_firewalk_a

Skill      XL: |  1  2  3  4  5  6 |
---------------+-------------------+-----
Axes           | 4 5 6 |  6.6
Fighting       | 4 |  4.5
Throwing       | 1 2 |  2.1
Evocations     | 1 |  1.8
Armour         | 3 |  3.1
Dodging        | |  2.8

Action                   |  1- 3 |  4- 6 || total
-------------------------+-------+-------++-------
Melee: Hand axe          |    39 |   107 ||   146
       Punch             |     1 |       ||     1
       Headbutt          |     5 |    15 ||    20
Throw: Dart              |       |     3 ||     3
Invok: Berserk           |     2 |     3 ||     5
  Use: Scroll            |     2 |     5 ||     7
Armor: Animal skin       |     2 |       ||     2
       Leather armour    |     7 |     1 ||     8
       Ring mail         |       |    31 ||    31
Dodge: Dodged            |    25 |    49 ||    74
